 Dungeon Crawl Stone Soup version 0.22-a0-377-g846bec1 (webtiles) character file.

16011 galech the Grappler (level 12, -7/124 HPs)
             Began as a Troll Monk on Apr 27, 2018.
             Was the Champion of Okawaru.
             Mangled by a komodo dragon (24 damage)
             ... on level 2 of the Lair of Beasts.
             The game lasted 00:18:05 (9602 turns).

galech the Grappler (Troll Monk)                    Turns: 9602, Time: 00:18:07

Health: -7/124     AC: 12    Str: 30    XL:     12   Next: 6%
Magic:  9/11       EV: 18    Int:  6    God:    Okawaru [******]
Gold:   731        SH:  0    Dex: 12    Spells: 11/11 levels left

rFire    . . .     SeeInvis .     - Unarmed
rCold    + . .     Gourm    +   (no shield)
rNeg     + . .     Faith    .   E - +2 robe of Midsummer {rC+ Str+4}
rPois    +         Spirit   .   F - +2 hat
rElec    .         Reflect  .   G - +2 cloak {rPois}
rCorr    .         Harm     .   (gloves unavailable)
MR       +....                  (boots unavailable)
Stlth    +++.......             (no amulet)
HPRegen  0.70/turn              h - ring of positive energy
MPRegen  0.12/turn              J - ring of protection from magic

@: heroism
A: large, unfitting armour, claws 3, fast metabolism 3, gourmand, regeneration
1, shaggy fur 1, tough skin 2
a: Heroism, Finesse, Renounce Religion


You were on level 2 of the Lair of Beasts.
You worshipped Okawaru.
Okawaru was exalted by your worship.
You were very full.

You visited 2 branches of the dungeon, and saw 13 of its levels.

You collected 731 gold pieces.

Inventory:

Armour
 E - the +2 robe of Midsummer (worn) {rC+ Str+4}
   (You found it on level 6 of the Dungeon)

   It affects your strength (+4).
   It protects you from cold.
 F - a +2 hat (worn)
 G - a +2 cloak of poison resistance (worn)
Jewellery
 h - a ring of positive energy (left claw)
 I - an uncursed ring of flight
 J - a ring of protection from magic (right claw)
Wands
 a - a wand of digging (21)
 z - a wand of clouds (7)
 H - a wand of flame (13)
Scrolls
 e - 3 scrolls of blinking
 f - 3 scrolls of summoning {unknown}
 g - 3 scrolls of teleportation
 k - 6 scrolls of fear
 m - 4 scrolls of magic mapping
 o - 4 scrolls of remove curse
 p - 3 scrolls of enchant weapon
 q - a scroll of noise
 t - a scroll of amnesia
 w - a scroll of random uselessness
 x - a scroll of vulnerability
 y - a scroll of torment
 A - 3 scrolls of enchant armour {unknown}
 B - a scroll of holy word {unknown}
 K - 3 scrolls of identify
 M - a scroll of brand weapon {unknown}
Potions
 c - 5 potions of curing
 d - a potion of degeneration {unknown}
 i - a potion of invisibility {unknown}
 j - 2 potions of flight {unknown}
 l - 2 potions of agility {unknown}
 n - 3 potions of lignification {unknown}
 r - 2 potions of magic {unknown}
 s - 2 potions of heal wounds {unknown}
 u - 2 potions of ambrosia {unknown}
 v - 2 potions of haste {unknown}
 C - 3 potions of mutation {unknown}
 D - 3 potions of might
Comestibles
 b - 21 rations
 L - 3 chunks of flesh


   Skills:
 + Level 9.6(14.6) Fighting
 + Level 9.9(14.9) Dodging
 - Level 1.5(6.5) Stealth
 + Level 12.1(17.1) Unarmed Combat


You had 11 spell levels left.
You didn't know any spells.

Dungeon Overview and Level Annotations

Branches:
Dungeon (11/15)            Temple (0/1) D:4            Lair (2/6) D:10
  Swamp: Lair:2-4    Shoals: Lair:2-4     Snake: Lair:2-4    Spider: Lair:2-4
    Orc: D:9-12

Altars:
Kikubaaqudgha
Okawaru
Qazlal
Sif Muna
Uskayaw
Vehumet
Yredelemnul
The Shining One

Shops:
D:5 }   D:10 (

Annotations:
D:9 2 transporters


Innate Abilities, Weirdness & Mutations

You are too large for most types of armour.
You have claws for hands.
Your metabolism is lightning-fast.
You like to eat raw meat.
Your natural rate of healing is unusually fast.
You are covered in fur. (AC +1)
You have very tough skin. (AC +2)


Message History

You are too injured to fight recklessly!
You are too injured to fight recklessly!
You are too injured to fight recklessly!
You are too injured to fight recklessly!
You are too injured to fight recklessly!
You are too injured to fight recklessly!
You mangle the elephant!!
You kill the elephant!
Okawaru accepts your kill. The komodo dragon bites you!
* * * LOW HITPOINT WARNING * * *
A wolf spider comes into view.
The adder bites the plant but does no damage.
The komodo dragon bites you!
* * * LOW HITPOINT WARNING * * *
You see here an elephant corpse.
You mangle the komodo dragon!!
The komodo dragon is heavily wounded.
The adder bites the fungus.
The komodo dragon bites you!!
You die... ........P.PPPPP .........PPPPPPPP .......lPP.PPPPSs

...........PPPPP.
............P....
.........PPP.Ps.P
.........PPPP..P
.........PP.#
........@.###
..)....Yl##
...............
.........../...
...............
...............
...<...........
...............
...............


You could see an elephant, a wolf spider, a komodo dragon, a basilisk and an
adder.

Vanquished Creatures
  Gastronok (D:9)
  Harold (Lair:1)
  A two-headed ogre (D:8)
  The ghost of galech the Grappler, a novice TrMo of Okawaru (D:6)
  An unseen horror (D:11)
  The ghost of ZomBoFoB the Chopper, a novice DDWn (D:7)
  Pikel (D:6)
  An ugly thing (D:11)
  A cyclops (D:11)
  3 elephants
  2 centaur skeletons
  A spiny frog (Lair:1)
  A komodo dragon (D:11)
  A troll (D:10)
  3 hippogriffs
  A shadow (D:11)
  A wyvern (D:9)
  4 yaks (D:10)
  A basilisk (Lair:1)
  Grum (D:8)
  3 water moccasins
  A porcupine (Lair:1)
  4 ice beasts
  3 orc warriors
  2 phantoms
  A black bear (D:9)
  5 sky beasts
  4 centaurs
  2 ogres
  2 wolves (D:8)
  A wyvern zombie (D:10)
  7 bullfrogs
  6 scorpions
  22 killer bees
  The ghost of aspa the Ruffian, a weakling DrTm (D:3)
  4 wights (D:9)
  A quasit (D:11)
  8 crimson imps
  2 jellies
  2 centaur zombies
  6 hounds
  An orc priest (D:11)
  4 bullfrog skeletons
  A gnoll shaman (D:7)
  6 worker ants
  5 iguanas
  13 orc wizards
  A killer bee zombie (D:10)
  A hound zombie (D:9)
  2 hound skeletons (D:10)
  16 gnolls
  2 howler monkey skeletons
  16 adders
  An adder skeleton (D:10)
  3 worms
  5 dart slugs
  9 leopard geckos
  40 orcs
  3 ball pythons
  9 giant cockroaches
  7 goblins
  8 hobgoblins
  21 jackals
  7 kobolds
  6 quokkas
  3 bats
  9 frilled lizards
  A jackal skeleton (D:4)
  A leopard gecko skeleton (D:5)
  A quokka skeleton (D:7)
  A quokka zombie (D:8)
  10 rats
328 creatures vanquished.

Vanquished Creatures (others)
  2 orc wizards (D:7)
2 creatures vanquished.

Grand Total: 330 creatures vanquished

Notes
Turn   | Place    | Note
-------+----------+-------------------------------------------
     0 | D:1      | galech the Troll Monk began the quest for the Orb.
     0 | D:1      | Reached XP level 1. HP: 22/22 MP: 0/0
    42 | D:1      | Reached XP level 2. HP: 21/29 MP: 1/1
   522 | D:1      | Reached XP level 3. HP: 36/36 MP: 2/2
   951 | D:2      | Reached XP level 4. HP: 44/44 MP: 3/3
   970 | D:2      | Found a hide-covered altar of Uskayaw.
   972 | D:2      | Noticed a dagger
   972 | D:2      | Noticed a dagger
  1176 | D:2      | Reached skill level 4 in Unarmed Combat
  1326 | D:2      | Found a radiant altar of Vehumet.
  1332 | D:2      | Reached XP level 5. HP: 36/52 MP: 4/4
  1484 | D:3      | Found an iron altar of Okawaru.
  1530 | D:3      | Became a worshipper of Warmaster Okawaru
  1530 | D:3      | Reached * piety under Okawaru
  1530 | D:3      | Reached ** piety under Okawaru
  1671 | D:3      | Noticed aspa's ghost (weakling DrTm)
  1678 | D:3      | Killed aspa's ghost
  1689 | D:3      | Reached skill level 5 in Unarmed Combat
  1689 | D:3      | Reached XP level 6. HP: 36/61 MP: 5/5
  1874 | D:3      | You fall through a shaft for 3 floors!
  1877 | D:6      | Noticed a water moccasin
  1899 | D:6      | Killed a water moccasin
  2028 | D:6      | Reached *** piety under Okawaru
  2028 | D:6      | Reached skill level 6 in Unarmed Combat
  2028 | D:6      | Reached XP level 7. HP: 57/67 MP: 6/6
  2054 | D:5      | Entered Level 5 of the Dungeon
  2417 | D:4      | Found a staircase to the Ecumenical Temple.
  2553 | D:4      | Found a stormy altar of Qazlal.
  2956 | D:5      | Found Rudaon Ream's Gadget Boutique.
  3119 | D:5      | Reached skill level 7 in Unarmed Combat
  3119 | D:5      | Reached XP level 8. HP: 74/78 MP: 7/7
  3363 | D:5      | Reached skill level 5 in Dodging
  3590 | D:5      | Found a glowing golden altar of the Shining One.
  3666 | D:6      | Noticed galech's ghost (novice TrMo)
  3743 | D:6      | HP: 2/79 [galech's ghost (13)]
  3745 | D:6      | Killed galech's ghost
  3745 | D:6      | Reached **** piety under Okawaru
  3745 | D:6      | Reached skill level 5 in Fighting
  3891 | D:6      | Noticed Pikel
  3901 | D:6      | Killed Pikel
  3901 | D:6      | Reached skill level 8 in Unarmed Combat
  3901 | D:6      | Reached XP level 9. HP: 88/89 MP: 8/8
  4167 | D:6      | Reached ***** piety under Okawaru
  4221 | D:6      | Got a slimy robe
  4232 | D:6      | Identified the +2 robe of Midsummer {rC+ Str+4} (You found it on level 6 of the Dungeon)
  4429 | D:7      | Received a gift from Okawaru
  4509 | D:7      | Got a twisted quarterstaff {god gift}
  4510 | D:7      | Identified the +1 quarterstaff "Kohuahuk" {flame, +Fly Dex+3} (Okawaru gifted it to you on level 7 of the Dungeon)
  4614 | D:7      | Reached skill level 9 in Unarmed Combat
  4691 | D:7      | Noticed ZomBoFoB's ghost (novice DDWn)
  4698 | D:7      | Killed ZomBoFoB's ghost
  4709 | D:7      | Reached XP level 10. HP: 84/100 MP: 7/9
  4768 | D:7      | Found a deep blue altar of Sif Muna.
  5540 | D:8      | Noticed Grum
  5547 | D:8      | Killed Grum
  5581 | D:8      | Reached skill level 10 in Unarmed Combat
  5880 | D:8      | You fall through a shaft for 3 floors!
  5883 | D:11     | Noticed a cyan ugly thing
  5886 | D:10     | Entered Level 10 of the Dungeon
  5895 | D:10     | Found a staircase to the Lair.
  6624 | D:9      | Found a stormy altar of Qazlal.
  6813 | D:8      | Noticed a two-headed ogre
  6817 | D:8      | Killed a two-headed ogre
  7005 | D:9      | Found a basalt altar of Yredelemnul.
  7007 | D:9      | Noticed a flayed ghost
  7010 | D:9      | Found a transporter.
  7022 | D:9      | Found a transporter.
  7040 | D:9      | Found an ancient bone altar of Kikubaaqudgha.
  7085 | D:9      | Noticed Gastronok
  7099 | D:9      | Killed Gastronok
  7099 | D:9      | Reached ****** piety under Okawaru
  7099 | D:9      | Received a gift from Okawaru
  7099 | D:9      | Reached skill level 11 in Unarmed Combat
  7099 | D:9      | Reached XP level 11. HP: 41/113 MP: 7/10
  7550 | D:10     | Found Lurea's Antique Weapon Emporium.
  8066 | D:11     | Killed a cyan ugly thing
  8574 | D:11     | Killed an unseen horror
  9047 | Lair:1   | Entered Level 1 of the Lair of Beasts
  9059 | Lair:1   | Noticed Harold
  9083 | Lair:1   | Killed Harold
  9289 | Lair:1   | Reached skill level 12 in Unarmed Combat
  9583 | Lair:1   | Reached XP level 12. HP: 119/124 MP: 11/11
  9602 | Lair:2   | Mangled by a komodo dragon

Vault maps used:
D:1:      minmay_arrival_up_and_down
D:2:      dancing_weapons_uskayaw, vehumet_crystals, nicolae_underground_beach
D:3:      okawaru_ov_weapons_minmay
D:4:      minmay_temple_entry_hall, nicolae_qazlal_eye_of_the_storm
D:5:      first_ration, serial_glass, glass_columns_c, glass_columns_a,
          glass_columns_a, glass_columns_b, glass_columns_a, glass_columns_c,
          serial_shops, shop, nicolae_tso_swordbearing_angel
D:6:      uniq_pikel
D:7:      led_sif_book
D:8:      uniq_grum
D:9:      marbit_many_paths, gammafunk_temple_of_torment, uniq_gastronok
D:10:     lair_entry_dummy, serial_shops, shop
D:11:     kennysheep_blocky_hall
Lair:1:   uniq_harold
Lair:2:   minmay_lair_venomous_thicket, elwin_shoals_entry_stream,
          roderic_carrion_pond, minmay_lair_oklob_chamber

Skill      XL: |  1  2  3  4  5  6  7  8  9 10 11 |
---------------+----------------------------------+-----
Dodging        | 3 4 6 7 8 9 |  9.9
Unarmed Combat | 4 5 6 7 8 9 11 12 | 12.1
Fighting       | 3 4 5 6 8 9 |  9.6
Stealth        | |  1.5

Action                   |  1- 3 |  4- 6 |  7- 9 | 10-12 || total
-------------------------+-------+-------+-------+-------++-------
Melee: Unarmed           |   108 |   174 |   272 |   441 ||   995
       Punch             |     3 |     5 |    12 |    29 ||    49
Invok: Heroism           |       |       |     4 |     5 ||     9
  Use: Potion            |       |       |     1 |       ||     1
       Scroll            |       |       |       |    13 ||    13
 Stab: Sleeping          |     3 |     1 |     6 |     5 ||    15
  Eat: Chunk             |    14 |    10 |    25 |    44 ||    93
Armor: Robe              |    34 |    48 |    68 |   137 ||   287
Dodge: Dodged            |    65 |   134 |   151 |   308 ||   658

Table legend:
 A = Spawn XP
 B = Non-spawn XP
 C = Spawn XP percentage of total XP
 D = Spawn monster count
 E = Non-spawn monster count
 F = Spawn count percentage of total count
 G = Total turns spent on level
                    A         B        C        D         E        F      G
               +---------+---------+-------+---------+---------+-------+---------
         Total |       0 |   22874 |   0.0 |       0 |     328 |   0.0 |  9602
               +---------+---------+-------+---------+---------+-------+---------
           D:1 |       0 |      61 |   0.0 |       0 |      26 |   0.0 |   790
           D:2 |       0 |     176 |   0.0 |       0 |      35 |   0.0 |   646
           D:3 |       0 |     231 |   0.0 |       0 |      33 |   0.0 |   687
           D:4 |       0 |     512 |   0.0 |       0 |      23 |   0.0 |   831
           D:5 |       0 |     331 |   0.0 |       0 |      16 |   0.0 |   552
           D:6 |       0 |    2305 |   0.0 |       0 |      24 |   0.0 |   900
           D:7 |       0 |    3024 |   0.0 |       0 |      48 |   0.0 |   987
           D:8 |       0 |    2088 |   0.0 |       0 |      30 |   0.0 |   747
           D:9 |       0 |    3748 |   0.0 |       0 |      22 |   0.0 |  1110
          D:10 |       0 |    2720 |   0.0 |       0 |      26 |   0.0 |   829
          D:11 |       0 |    4148 |   0.0 |       0 |      33 |   0.0 |   968
        Lair:1 |       0 |    2599 |   0.0 |       0 |       9 |   0.0 |   537
        Lair:2 |       0 |     931 |   0.0 |       0 |       3 |   0.0 |    18
               +---------+---------+-------+---------+---------+-------+---------
